 Dungeon Crawl Stone Soup version 0.23.2-40-g277498a001 (webtiles) character file.

Game seed: 10644509568374316336

26738 Amplified the Destroyer (level 13, 0/106 HPs)
             Began as a Demonspawn Fire Elementalist on Oct 14, 2019.
             Was a High Priest of Vehumet.
             Slain by a wolf (8 damage)
             ... on level 2 of the Lair of Beasts on Oct 15, 2019.
             The game lasted 00:47:43 (12617 turns).

Amplified the Destroyer (DsFE)                     Turns: 12617, Time: 00:47:43

Health: 0/106      AC: 16    Str: 13    XL:     13   Next: 0%
Magic:  33/36      EV: 14    Int: 17    God:    Vehumet [*****.]
Gold:   1236       SH:  0    Dex: 14    Spells: 4/33 levels left

rFire    + + +     SeeInvis .   z - +8 halberd "Reinuni" {venom, +Inv +Fly Str+4 Int-4}
rCold    . . .     Gourm    +   (shield currently unavailable)
rNeg     . . .     Faith    .   j - +1 leather armour {rF+}
rPois    .         Spirit   .   (helmet restricted)
rElec    .         Reflect  .   g - +2 cloak
rCorr    +         Harm     .   u - +2 pair of gloves
MR       .....                  I - +1 pair of boots {Fly}
Stlth    ++........             k - amulet of the gourmand
HPRegen  0.67/turn              e - ring of resist corrosion
MPRegen  0.25/turn              t - ring of magical power

@: lethally poisoned (0 -> 0), flying
A: antennae 2, molten scales 3, fire resistance 1, powered by pain 3,
regeneration 1, screaming 1, flame cloud immunity
a: Renounce Religion, Evoke Invisibility, Stop Flying


You were on level 2 of the Lair of Beasts.
You worshipped Vehumet.
Vehumet was extremely pleased with you.
You were very full.

You visited 3 branches of the dungeon, and saw 15 of its levels.
You also visited: Bailey and Volcano.

You collected 1866 gold pieces.
You spent 630 gold pieces at shops.

Inventory:

Hand Weapons
 l - the +4 dagger of Onoevym {flame, rPois rN+ Str-3 Int+3}
   (You took it off an orc on level 6 of the Dungeon)

   It has been specially enchanted to burn those struck by it, causing extra
   injury to most foes and up to half again as much damage against particularly
   susceptible opponents.
   It affects your strength (-3).
   It affects your intelligence (+3).
   It protects you from poison.
   It protects you from negative energy.
 z - the +8 halberd "Reinuni" (weapon) {venom, +Inv +Fly Str+4 Int-4}
   (You found it on level 8 of the Dungeon)

   It poisons the flesh of those it strikes.
   It affects your strength (+4).
   It affects your intelligence (-4).
   It lets you turn invisible.
   It lets you fly.
Armour
 a - a +2 robe
 g - a +2 cloak (worn)
 j - a +1 leather armour of fire resistance (worn)
 u - a +2 pair of gloves (worn)
 C - a +2 ring mail of positive energy
 I - a +1 pair of boots of flying (worn)
Jewellery
 e - a ring of resist corrosion (left hand)
 k - an amulet of the gourmand (around neck)
 r - an uncursed amulet of faith
 t - a ring of magical power (right hand)
Wands
 o - a wand of disintegration (22)
 q - a wand of flame (22)
 w - a wand of polymorph (7)
 y - a wand of paralysis (10)
 E - a wand of enslavement (2)
Scrolls
 b - 2 scrolls of identify
 d - 3 scrolls of immolation
 h - 3 scrolls of remove curse
 D - 2 scrolls of enchant weapon
Potions
 i - a potion of agility
 n - 4 potions of might
 s - a potion of lignification
Comestibles
 c - 10 rations


   Skills:
 - Level 11.0 Fighting
 * Level 4.7 Dodging
 - Level 1.7 Stealth
 * Level 10.7 Spellcasting
 * Level 11.3 Conjurations
 - Level 10.5 Fire Magic
 * Level 2.2 Air Magic


You had 4 spell levels left.
You knew the following spells:

 Your Spells              Type           Power        Failure   Level  Hunger
a - Lightning Bolt        Conj/Air       ####......   4%          5    #####..
b - Conjure Flame         Conj/Fire      #####...     1%          3    None
c - Sticky Flame          Conj/Fire      #####...     1%          4    ###....
d - Fireball              Conj/Fire      #####.....   1%          5    #####..
e - Mephitic Cloud        Conj/Pois/Air  ###.....     1%          3    None
f - Bolt of Magma         Conj/Fire/Erth ####......   4%          5    #####..
g - Force Lance           Conj/Tloc      ####....     2%          4    ###....

Your spell library contained the following spells:

 Spells                   Type           Power        Failure   Level  Hunger
 Flame Tongue             Conj/Fire      #####        1%          1    None
 Sting                    Conj/Pois      ####         1%          1    None
 Throw Flame              Conj/Fire      #####.       1%          2    None
 Inner Flame              Hex/Fire       ####....     1%          3    None
 Beastly Appendage        Tmut           #.....       10%         1    None
 Poisonous Vapours        Pois/Air       ##....       10%         2    None
 Sticks to Snakes         Tmut           #.......     16%         2    None
 Olgreb's Toxic Radiance  Pois           #.......     24%         4    ###....
 Spider Form              Tmut/Pois      #.........   30%         3    None
 Ice Form                 Ice/Tmut       #.......     69%         4    ###....
 Venom Bolt               Conj/Pois      ####......   7%          5    #####..
 Conjure Ball Lightning   Conj/Air       ####......   24%         6    ######.
 Blade Hands              Tmut           #.........   95%         5    #####..
 Dispel Undead            Necr           #.......     95%         5    #####..


Dungeon Overview and Level Annotations

Branches:
Dungeon (12/15)            Temple (1/1) D:5            Lair (2/6) D:10
    Orc (0/2) D:9
  Swamp: Lair:2-4    Shoals: Lair:2-4     Snake: Lair:2-4    Spider: Lair:2-4

Altars:
Ashenzari
Cheibriados
Dithmenos
Elyvilon
Fedhas
Gozag
Hepliaklqana
Kikubaaqudgha
Makhleb
Nemelex Xobeh
Okawaru
Qazlal
Ru
Sif Muna
Trog
Uskayaw
Vehumet
Wu Jian
Xom
Yredelemnul
Zin
The Shining One

Shops:
D:7 :   D:10 [*[   D:11 (

Annotations:
D:12 2 runed translucent doors
Lair:1 Learn Alternative Conjuration.


Innate Abilities, Weirdness & Mutations

You have a pair of antennae on your head.
You are completely covered in molten scales. (AC +4, rF+)
Your flesh is heat resistant. (rF+)
You are powered by pain.
You are immune to clouds of flame.
Your natural rate of healing is unusually fast.
You occasionally shout uncontrollably at your foes.


Message History

The yak completely misses you.
You feel sick. The wolf bites you but does no damage.
The porcupine bites you but does no damage.
The naga misses you. The naga grabs you. The naga constricts you.
The wolf bites you.
* * * LOW HITPOINT WARNING * * *
Unknown command.
The naga's grasp on you weakens, but your attempt to escape fails.
The porcupine bites you!
* * * LOW HITPOINT WARNING * * *
The wolf closely misses you. The naga misses you. The naga constricts you.
The porcupine bites you but does no damage.
The wolf bites you.
* * * LOW HITPOINT WARNING * * *
You escape the naga's grasp.
You feel sick.
The porcupine bites you but does no damage.
Unknown command.
Okay, then.
You fail to use your ability.
You feel sick. The wolf bites you!
You die...

#...........###..
#.......#...# #.. .##
#...........# ##.
..)##......##...###..
#...#..#.####........
.......#.##.........
{..#F..†...........≈
{##rN.............≈
#@hYY..........#.≈
#..Y#Y.P#.##...P##≈≈
#.......#.#####...##..≈
#.......Y....P........≈
#....(.........YY......≈
.+.....#.....<...Y.#...≈
#......#..........##...
+.....##.....##...P#...
............# ..##...


You could see 5 yaks, a naga, a wolf, a bullfrog and a porcupine.

Vanquished Creatures
  A hydra (Lair:1)
  5 two-headed ogres
  4 orc knights (Bailey)
  3 salamanders (Volcano)
  4 ugly things
  A black mamba (Lair:2)
  A molten gargoyle (Volcano)
  Joseph (D:9)
  A gargoyle (D:11)
  A spiny frog (Lair:1)
  3 komodo dragons
  A kobold demonologist (D:10)
  4 trolls
  3 polar bears (D:11)
  2 hornets
  A hippogriff (D:11)
  Sigmund (D:3)
  4 wyverns
  13 yaks
  A wraith (D:11)
  3 hungry ghosts
  A steam dragon (D:10)
  An acid dragon (D:11)
  A water moccasin (Lair:1)
  17 orc warriors
  4 sky beasts
  5 ogres
  3 phantoms
  7 ice beasts
  A necrophage (D:6)
  4 centaurs
  3 wolves
  8 crocodiles
  A big kobold (D:9)
  5 bullfrogs
  A wyvern skeleton (D:9)
  6 scorpions
  A troll zombie (D:9)
  9 killer bees (D:7)
  An electric eel (D:11)
  2 howler monkeys
  10 crimson imps
  2 lava snakes (Volcano)
  3 quasits
  7 hounds
  7 orc priests
  2 bullfrog skeletons
  4 jellies
  3 centaur skeletons
  5 iguanas
  13 orc wizards
  Natasha (thrice) (D:3)
  8 worker ants
  A killer bee zombie (D:6)
  2 bullfrog simulacra (D:11)
  A centaur simulacrum (D:11)
  5 ogre zombies (D:9)
  A hound zombie (D:7)
  3 hound skeletons
  7 gnolls
  17 adders
  3 shadow imps
  7 white imps (D:11)
  3 worker ant simulacra (D:11)
  An ufetubus (D:11)
  3 worms
  3 dart slugs
  4 leopard geckos
  72 orcs
  4 ball pythons
  9 bats
  7 giant cockroaches
  7 goblins
  6 hobgoblins
  10 jackals
  9 kobolds
  4 frilled lizards
  2 goblin skeletons (D:9)
  3 hobgoblin zombies (D:9)
  A jackal skeleton (D:6)
  A leopard gecko skeleton (D:6)
  An orc skeleton (D:9)
  13 orc zombies (D:9)
  A quokka zombie (D:7)
  5 rats
422 creatures vanquished.

Vanquished Creatures (collateral kills)
  A hell knight (Volcano)
  A salamander (Volcano)
  A molten gargoyle (Volcano)
3 creatures vanquished.

Vanquished Creatures (others)
  A salamander mystic (Volcano)
  A fungus (Lair:2)
  2 plants (Lair:2)
4 creatures vanquished.

Grand Total: 429 creatures vanquished

Notes
Turn   | Place    | Note
-------+----------+-------------------------------------------
     0 | D:1      | Amplified the Demonspawn Fire Elementalist began the quest
                  | for the Orb.
     0 | D:1      | Reached XP level 1. HP: 13/13 MP: 3/3
   213 | D:1      | Gained mutation: You have a pair of small antennae on your
                  | head. [demonic ancestry]
   213 | D:1      | Reached XP level 2. HP: 19/19 MP: 3/5
   992 | D:2      | Gained mutation: You are partially covered in molten
                  | scales. (AC +2) [demonic ancestry]
   992 | D:2      | Reached XP level 3. HP: 24/24 MP: 0/6
  1190 | D:2      | Gained mutation: You are mostly covered in molten scales.
                  | (AC +3) [demonic ancestry]
  1190 | D:2      | Reached XP level 4. HP: 28/30 MP: 0/8
  1808 | D:2      | Learned a level 3 spell: Conjure Flame
  1813 | D:2      | Learned a level 4 spell: Sticky Flame
  1962 | D:3      | Noticed Sigmund
  1970 | D:3      | Noticed Natasha
  2233 | D:4      | Gained mutation: You sometimes gain a little power by
                  | taking damage. [demonic ancestry]
  2233 | D:4      | Reached XP level 5. HP: 31/35 MP: 0/9
  2490 | D:3      | Killed Natasha
  2868 | D:3      | HP: 1/35 [Sigmund/magic dart (9)]
  2869 | D:3      | Killed Sigmund
  2869 | D:3      | Reached XP level 6. HP: 13/41 MP: 4/12
  2934 | D:3      | Noticed Natasha
  3091 | D:3      | Killed Natasha
  3150 | D:3      | Noticed Natasha
  3171 | D:3      | Killed Natasha
  3356 | D:4      | Gained mutation: Your flesh is heat resistant. (rF+)
                  | [demonic ancestry]
  3356 | D:4      | Reached XP level 7. HP: 46/46 MP: 13/18
  3357 | D:4      | Gained mutation: You are immune to clouds of flame.
                  | [demonic ancestry]
  3357 | D:4      | Reached XP level 8. HP: 71/71 MP: 13/19
  3364 | D:4      | Learned a level 5 spell: Fireball
  3527 | D:4      | Gained mutation: You are frail. (-10% HP) [potion of
                  | mutation]
  3527 | D:4      | Gained mutation: Your mind is acute. (Int +2) [potion of
                  | mutation]
  3528 | D:4      | Lost mutation: Your mind is acute. (Int +2) [potion of
                  | mutation]
  3528 | D:4      | Lost mutation: You are frail. (-10% HP) [potion of
                  | mutation]
  3528 | D:4      | Gained mutation: You occasionally shout uncontrollably at
                  | your foes. [potion of mutation]
  3528 | D:4      | Gained mutation: Your natural rate of healing is unusually
                  | fast. [potion of mutation]
  3528 | D:4      | Gained mutation: You have a pair of antennae on your head.
                  | [potion of mutation]
  3927 | D:5      | Entered Level 5 of the Dungeon
  3927 | D:5      | Found a staircase to the Ecumenical Temple.
  3953 | Temple   | Entered the Ecumenical Temple
  4060 | Temple   | Became a worshipper of Vehumet
  4231 | D:5      | Mutation became permanent: You have a pair of small
                  | antennae on your head. [demonic ancestry]
  4231 | D:5      | Gained mutation: You have a pair of antennae on your head.
                  | [demonic ancestry]
  4231 | D:5      | Reached XP level 9. HP: 60/76 MP: 14/20
  4590 | D:6      | Learned a level 2 spell: Throw Flame
  4696 | D:6      | Identified the +4 dagger of Onoevym {flame, rPois rN+ Str-3
                  | Int+3}
  4703 | D:6      | Reached * piety under Vehumet
  4703 | D:6      | Offered knowledge of Sandblast by Vehumet.
  5183 | D:6      | Learned a level 3 spell: Mephitic Cloud
  5404 | D:7      | Offered knowledge of Searing Ray by Vehumet.
  5406 | D:7      | Reached ** piety under Vehumet
  5884 | D:7      | Gained mutation: You sometimes gain power by taking damage.
                  | [demonic ancestry]
  5884 | D:7      | Reached XP level 10. HP: 83/83 MP: 22/22
  6031 | D:7      | Found Gaefih's Book Shop.
  6084 | D:8      | Found a sacrificial altar of Ru.
  6107 | D:8      | Offered knowledge of Ignite Poison by Vehumet.
  6289 | D:8      | Reached *** piety under Vehumet
  6339 | D:8      | Found a flagged portal.
  6348 | D:8      | Got a crystal halberd
  6351 | Bailey   | Entered a bailey
  6352 | Bailey   | Identified the +8 halberd "Reinuni" {venom, +Inv +Fly Str+4
                  | Int-4} (You found it on level 8 of the Dungeon)
  6431 | Bailey   | Offered knowledge of Static Discharge by Vehumet.
  6482 | Bailey   | Noticed an orc knight
  6604 | Bailey   | Noticed an orc knight
  6618 | Bailey   | Killed an orc knight
  6624 | Bailey   | Noticed an orc knight
  6649 | Bailey   | Killed an orc knight
  6649 | Bailey   | Reached **** piety under Vehumet
  6684 | Bailey   | Noticed an orc knight
  6709 | Bailey   | Killed an orc knight
  6709 | Bailey   | Reached skill level 10 in Fighting
  6832 | Bailey   | Killed an orc knight
  7091 | D:8      | Offered knowledge of Bolt of Magma by Vehumet.
  7100 | D:8      | Learned a level 5 spell: Bolt of Magma
  7110 | D:8      | Identified 2 scrolls of acquirement
  7112 | D:8      | Identified the Almanac of the Thirteen Hells (You acquired
                  | it on level 8 of the Dungeon)
  7570 | D:9      | Noticed Joseph
  7581 | D:9      | Killed Joseph
  7581 | D:9      | Gained mutation: You are completely covered in molten
                  | scales. (AC +4, rF+) [demonic ancestry]
  7581 | D:9      | Reached XP level 11. HP: 83/91 MP: 9/23
  7744 | D:9      | Noticed a two-headed ogre
  7753 | D:9      | Killed a two-headed ogre
  7923 | D:9      | Paralysed by a hornet for 2 turns
  8039 | D:9      | Reached ***** piety under Vehumet
  8039 | D:9      | Offered knowledge of Irradiate by Vehumet.
  8165 | D:9      | Found a staircase to the Orcish Mines.
  8312 | D:9      | Noticed a green ugly thing
  8326 | D:9      | Killed a green ugly thing
  8883 | D:10     | Entered Level 10 of the Dungeon
  8933 | D:10     | Reached skill level 10 in Conjurations
  9088 | D:10     | Found Douhim's Antique Armour Emporium.
  9095 | D:10     | Bought a pair of crude gloves for 266 gold pieces
  9095 | D:10     | Bought a pair of runed boots for 210 gold pieces
  9100 | D:10     | Identified the -6 pair of gloves of Compression {MR- rCorr
                  | Dex+2 Slay+3} (You bought it in a shop on level 10 of the
                  | Dungeon)
  9139 | D:10     | Noticed a purple ugly thing
  9176 | D:11     | Noticed a white ugly thing
  9181 | D:11     | Killed a white ugly thing
  9186 | D:11     | Killed a white ugly thing
  9243 | D:11     | Offered knowledge of Force Lance by Vehumet.
  9270 | D:11     | Learned a level 4 spell: Force Lance
  9370 | D:11     | Noticed a two-headed ogre
  9516 | D:10     | Found a staircase to the Lair.
  9632 | D:10     | Found Ril Miug's General Store.
  9633 | D:10     | Noticed a two-headed ogre
  9644 | D:10     | Killed a two-headed ogre
  9644 | D:10     | Reached skill level 10 in Fire Magic
  9644 | D:10     | Gained mutation: You are powered by pain. [demonic
                  | ancestry]
  9644 | D:10     | Reached XP level 12. HP: 100/100 MP: 15/25
  9678 | D:10     | Bought a potion of might for 44 gold pieces
  9678 | D:10     | Bought a ration for 55 gold pieces
  9678 | D:10     | Bought a ration for 55 gold pieces
  9776 | D:10     | Noticed a two-headed ogre
  9797 | D:10     | Killed a two-headed ogre
  9797 | D:10     | Reached skill level 10 in Spellcasting
  9958 | D:10     | Found Ciufuum's Antique Armour Shoppe.
 10394 | D:11     | Found Matogahol's Antique Weapon Boutique.
 10504 | D:11     | Noticed a two-headed ogre
 10513 | D:11     | Killed a two-headed ogre
 10864 | D:11     | Killed a two-headed ogre
 11019 | D:12     | Found a runed translucent gate.
 11032 | D:12     | Noticed a two-headed ogre
 11038 | D:12     | Found a runed translucent gate.
 11179 | Lair:1   | Entered Level 1 of the Lair of Beasts
 11202 | Lair:1   | Learned a level 5 spell: Lightning Bolt
 11283 | Lair:1   | Found a dark tunnel.
 11297 | Volcano  | Entered a volcano
 11421 | Volcano  | Found a radiant altar of Vehumet.
 11468 | Volcano  | Reached skill level 1 in Air Magic
 11866 | Lair:1   | Noticed an eight-headed hydra
 11873 | Lair:1   | Killed an eight-headed hydra
 12602 | Lair:2   | Reached XP level 13. HP: 69/106 MP: 27/27
 12617 | Lair:2   | Slain by a wolf

Skill      XL: |  1  2  3  4  5  6  7  8  9 10 11 12 |
---------------+-------------------------------------+-----
Fire Magic     | 3 4 8 9 10 | 10.5
Conjurations   | 2 3 8 9 10 11 | 11.3
Spellcasting   | 3 4 7 8 9 10 | 10.7
Fighting       | 9 10 11 | 11.0
Dodging        | 2 4 |  4.7
Air Magic      | 2 |  2.2
Stealth        | |  1.7

Action                   |  1- 3 |  4- 6 |  7- 9 | 10-12 | 13-15 || total
-------------------------+-------+-------+-------+-------+-------++-------
Melee: Unarmed           |    44 |    32 |     7 |       |       ||    83
       Dagger            |       |       |   309 |   845 |       ||  1154
       Halberd           |       |       |       |    14 |     2 ||    16
Throw: Throwing net      |       |       |       |     2 |       ||     2
 Cast: Flame Tongue      |    58 |    82 |    33 |       |       ||   173
       Sticky Flame      |       |     4 |    37 |   155 |     1 ||   197
       Fireball          |       |       |    10 |    17 |       ||    27
       Throw Flame       |       |       |    10 |       |       ||    10
       Bolt of Magma     |       |       |       |    23 |       ||    23
       Mephitic Cloud    |       |       |       |     9 |       ||     9
       Force Lance       |       |       |       |     8 |       ||     8
       Lightning Bolt    |       |       |       |     7 |       ||     7
       Conjure Flame     |       |       |       |     1 |       ||     1
 Abil: Evoke Invisibilit |       |       |       |     1 |       ||     1
Evoke: Wand              |       |       |       |    45 |       ||    45
  Use: Scroll            |     6 |     7 |     7 |    16 |       ||    36
       Potion            |     1 |     4 |     7 |    15 |       ||    27
 Stab: Sleeping          |       |       |     2 |       |       ||     2
       Confused          |       |       |       |     3 |       ||     3
       Held in net/web   |       |       |       |     1 |       ||     1
       Paralysed         |       |       |       |    12 |       ||    12
       Invisible         |       |       |       |     1 |       ||     1
  Eat: Chunk             |     1 |     5 |    23 |    56 |       ||    85
       Ration            |       |     1 |       |     3 |       ||     4
Armor: Robe              |    37 |    49 |   140 |   113 |       ||   339
       Ring mail         |       |       |       |   368 |       ||   368
       Leather armour    |       |       |       |    16 |    13 ||    29
       Skin              |       |       |       |     2 |       ||     2
Dodge: Dodged            |    63 |    92 |   243 |   597 |     9 ||  1004
